 Dungeon Crawl Stone Soup version 0.19-a0-1002-g674d22e (webtiles) character file.

135 mistymad the Skirmisher (level 5, -1/64 HPs)
             Began as a Formicid Abyssal Knight on July 18, 2016.
             Was a Believer of Lugonu.
             Slain by a gnoll
             ... wielding a +0 halberd
              (5 damage)
             ... on level 3 of the Dungeon.
             The game lasted 00:05:18 (2720 turns).

mistymad the Skirmisher (Formicid Abyssal Knight)   Turns: 2720, Time: 00:05:19

Health: -1/64      AC: 22    Str: 15 (18) XL:     5   Next: 41%
Magic:  6/6        EV:  2    Int: 11      God:    Lugonu [**....]
Gold:   104        SH:  5    Dex:  8 (10) Spells: 0 memorised, 4 levels left

rFire  . . .     SeeInvis .     a - +1 hand axe
rCold  . . .     Gourm    .     (armour currently unavailable)
rNeg   + + +     Faith    .     (no shield)
rPois  +         Spirit   .     (helmet unavailable)
rElec  .         Dismiss  .     (cloak currently unavailable)
rCorr  .         Reflect  +     (gloves currently unavailable)
SustAt .         Harm     .     (boots currently unavailable)
MR     .....                    e - +5 amulet of reflection
Stlth  +.........               (no ring)
                                (no ring)

@: tree-form, not resistant to hostile enchantments, very unstealthy
A: permanent stasis, dig shafts and tunnels, four strong arms, (antennae 0),
mutation resistance 1, (shaggy fur 0)
a: Depart the Abyss, Bend Space, Renounce Religion


You were on level 3 of the Dungeon.
You worshipped Lugonu.
Lugonu was pleased with you.
You were not hungry.
You were a tree.
You visited 1 branch of the dungeon, and saw 3 of its levels.
You visited the Abyss 1 time.

You collected 104 gold pieces.

Inventory:

Hand Weapons
 a - a +1 hand axe (weapon)
Armour
 b - a +0 leather armour (melded)
Jewellery
 e - a +5 amulet of reflection (around neck)
Wands
 m - a wand of iceblast (8/15)
 o - a wand of disintegration (13/24)
Comestibles
 c - a bread ration
 h - 3 fruits


   Skills:
 + Level 4.6 Fighting
 + Level 3.2 Axes
 + Level 3.5 Armour
 - Level 1.0 Dodging
 - Level 2.2 Invocations


You had 4 spell levels left.
You didn't know any spells.

Dungeon Overview and Level Annotations

Branches:
Dungeon (3/15)

Altars:
Qazlal


Innate Abilities, Weirdness & Mutations

You are under a permanent stasis effect.
You can dig through walls and to a lower floor.
Your four strong arms can wield two-handed weapons with a shield.
((You have a pair of large antennae on your head. (SInv)))
You are somewhat resistant to further mutation.
((You are covered in fur. (AC +1)))


Message History

You hit the gnoll.
The gnoll is severely wounded.
The gnoll hits you but does no damage.
You barely miss the gnoll.
The gnoll is severely wounded.
The gnoll hits you with a spear.
You take 3 damage, and have 13/43 hp.
You slash the gnoll!
You kill the gnoll!
Lugonu accepts your kill.
You hit the gnoll.
The gnoll is moderately wounded.
The gnoll hits you with a halberd!
* * * LOW HITPOINT WARNING * * *
You are too injured to fight recklessly!
You take 10 damage, and have 3/43 hp.
MASSIVE DAMAGE!!
You turn into a tree.
Your +0 leather armour melds into your body.
Your roots penetrate the ground.
The gnoll hits you with a halberd.
You die...

.#...###.####.#.########.#
#.# .##### #..#
#..........#.#...# .# ##.#
#g##.......#.#.### ##
#.###.##.......#.#.
#..##g##.......#.#
##.##.##.........#
#..#.##.......###
##.#g######.?...# #
#.#..#♣# #####.# .#
#...#g## #.# .#
##..##########.#
########..##.........#
#........>##.#########
#.##########.#
#.##########.#
.####.##.........#
......##.#########


You could see a gnoll.

Vanquished Creatures
  Robin (D:2)
  3 gnolls (D:3)
  An adder (D:3)
  3 oozes
  The ghost of Amnesiac the Grave Robber, a weakling OgNe (D:3)
  3 dart slugs
  A giant gecko (D:2)
  An orc (D:3)
  3 giant cockroaches (D:2)
  14 goblins
  9 hobgoblins
  4 jackals (D:1)
  A quokka (D:3)
  A ball python (D:2)
  4 bats
  2 giant newts
  5 kobolds
  5 rats
62 creatures vanquished.

Notes
Turn   | Place    | Note
-------+----------+-------------------------------------------
     0 | Abyss:1  | mistymad the Formicid Abyssal Knight began the quest for the Orb.
     0 | Abyss:1  | Reached XP level 1. HP: 18/18 MP: 2/2
    85 | Abyss:1  | Noticed an orb spider
    86 | Abyss:1  | Noticed a thrashing horror
    89 | D:1      | Escaped the Abyss
   215 | D:1      | Reached * piety under Lugonu
   268 | D:1      | Reached skill level 1 in Dodging
   268 | D:1      | Reached XP level 2. HP: 7/24 MP: 3/3
   884 | D:1      | Reached XP level 3. HP: 26/29 MP: 4/4
  1103 | D:1      | Reached skill level 4 in Fighting
  1621 | D:2      | Noticed a water elemental
  1627 | D:2      | Noticed an air elemental
  1629 | D:2      | Found a stormy altar of Qazlal.
  1630 | D:2      | Noticed a fire elemental
  1630 | D:2      | Noticed an earth elemental
  1722 | D:2      | Reached ** piety under Lugonu
  1725 | D:2      | Reached XP level 4. HP: 32/37 MP: 5/5
  1923 | D:2      | Noticed Robin
  1936 | D:2      | Gained mutation: You are covered in fur. (AC +1) [potion of mutation]
  1936 | D:2      | Gained mutation: You are somewhat resistant to further mutation. [potion of mutation]
  1949 | D:2      | Killed Robin
  2583 | D:3      | Noticed Amnesiac's ghost (weakling OgNe)
  2593 | D:3      | Killed Amnesiac's ghost
  2652 | D:3      | Reached XP level 5. HP: 40/43 MP: 6/6
  2720 | D:3      | Slain by a gnoll

Vault maps used:
D:1:      dpeg_arrival_simpleton_a
D:2:      nicolae_qazlal_style_of_elements, uniq_robin
D:3:      uniq_grinder, uniq_sigmund

Skill      XL: |  1  2  3  4 |
---------------+-------------+-----
Dodging        | 1 |  1.0
Fighting       | 4 |  4.6
Armour         | 3 |  3.5
Axes           | 3 |  3.2
Invocations    | |  2.2

Action                   |  1- 3 |  4- 6 || total
-------------------------+-------+-------++-------
Melee: Hand axe          |   100 |   111 ||   211
Invok: Depart the Abyss  |     1 |       ||     1
 Abil: Dig               |     1 |     2 ||     3
  Use: Scroll            |       |     6 ||     6
       Potion            |       |     5 ||     5
  Eat: Chunk             |     2 |     4 ||     6
Armor: Leather armour    |    33 |    23 ||    56
Dodge: Dodged            |    59 |    70 ||   129
Block: Other             |       |    11 ||    11
